 Dungeon Crawl Stone Soup version 0.30-a0-883-g5ad918d77d (webtiles) character file.

Game seed: 8338360970932281348

463 cforsyth the Ogre Mage (level 7, 0/88 HPs)
             Began as an Ogre Fire Elementalist on Mar 15, 2023.
             Slain by a lemure (3 damage)
             ... led by Pikel
             ... on level 4 of the Dungeon.
             The game lasted 00:06:17 (5435 turns).

cforsyth the Ogre Mage (Ogre Fire Elementalist)     Turns: 5435, Time: 00:06:17

Health: 0/88       AC:  7    Str: 13    XL:     7   Next: 7%
Magic:  4/13       EV: 10    Int: 18    God:
Gold:   182        SH:  0    Dex:  9    Spells: 11/14 levels left

rFire   + . .      SeeInvis .    l - +0 scythe (freeze)
rCold   . . .      Faith    .    (shield currently unavailable)
rNeg    . . .      Spirit   .    a - +0 robe
rPois   .          Reflect  .    (helmet restricted)
rElec   .          Rampage  .    (no cloak)
rCorr   .                        (gloves unavailable)
Will    .....                    (boots unavailable) Stlth
                                 (no amulet)
HPRegen 0.34/turn                h - ring of protection from fire
MPRegen 0.13/turn                q - +4 ring of protection

@: berserking, weak-willed, flying, very quick
A: large, unfitting armour, tough skin 1
a: no special abilities


You were on level 4 of the Dungeon.
You visited 1 branch of the dungeon, and saw 4 of its levels.

You collected 207 gold pieces.
You spent 25 gold pieces at shops.

Inventory:

Hand Weapons
 l - a +0 scythe of freezing (weapon)
Armour
 a - a +0 robe (worn)
Jewellery
 h - a ring of protection from fire (left hand)
 q - a +4 ring of protection (right hand)
Wands
 u - a wand of iceblast (8)
Scrolls
 c - 6 scrolls of identify {unknown}
 d - a scroll of brand weapon {unknown}
 e - a scroll of acquirement {unknown}
 j - a scroll of amnesia {unknown}
 p - a scroll of enchant armour {unknown}
 s - 2 scrolls of magic mapping
 v - a scroll of enchant weapon {unknown}
 w - a scroll of fog {unknown}
 y - a scroll of silence {unknown}
Potions
 b - 2 potions of magic
 f - 3 potions of curing {unknown}
 g - 2 potions of invisibility {unknown}
 i - a potion of brilliance {unknown}
 k - 2 potions of flight
 m - a potion of might {unknown}
 o - a potion of berserk rage
 r - a potion of degeneration {unknown}
 t - a potion of lignification {unknown}
 x - a potion of resistance {unknown}


   Skills:
 + Level 3.2 Dodging
 + Level 3.0 Stealth
 + Level 4.2 Spellcasting
 + Level 2.8 Conjurations
 + Level 3.9 Fire Magic


You had 11 spell levels left.
You knew the following spells:

 Your Spells              Type           Power      Damage    Failure   Level
a - Foxfire               Conj/Fire      64%        2x1d7     3%          1
b - Scorch                Fire           36%        2d6       4%          2

Your spell library contained the following spells:

 Spells                   Type           Power      Damage    Failure   Level
 Beastly Appendage        Tmut           6%         N/A       14%         1
 Freeze                   Ice            12%        1d3       14%         1
 Inner Flame              Hex/Fire       10%        N/A       19%         3
 Hailstorm                Conj/Ice       8%         3d4       24%         3
 Kindle Blastsparks       Fire/Tloc/Air  16%        2d11      26%         3
 Flame Wave               Conj/Fire      16%        2d7       34%         4
 Frozen Ramparts          Ice            6%         1d1       41%         3


Dungeon Overview and Level Annotations

Branches:
Dungeon (4/15)
 Temple: D:4-7

Altars:
Ashenzari

Shops:
D:1 *

Annotations:
D:3 1 runed translucent door, Crazy Yiuf
D:4 Pikel


Innate Abilities, Weirdness & Mutations

You are too large for most types of armour.
You have tough skin. (AC +1)


Message History

As you read the scroll labelled YLAGIM ESUMYOM, it crumbles to dust.
Magic quickly surges around you.
It was a scroll of vulnerability.
Pikel hits you but does no damage. The lemure closely misses you.
The lemure barely misses you. The lemure hits you but does no damage.
The lemure hits you.
* * * LOW HITPOINT WARNING * * *
It was a potion of flight.
You feel very buoyant.
You fly up into the air.
Pikel closely misses you. The lemure barely misses you. The lemure hits you.
* * * LOW HITPOINT WARNING * * *
The lemure closely misses you. The lemure hits you.
* * * LOW HITPOINT WARNING * * *
It was a potion of berserk rage.
A red film seems to cover your vision as you go berserk!
You feel yourself moving faster!
You feel mighty!
Pikel says, "It's all about the gold, really."
Pikel misses you. The lemure hits you.
* * * LOW HITPOINT WARNING * * *
The lemure hits you but does no damage. The lemure hits you.
* * * LOW HITPOINT WARNING * * *
The lemure closely misses you.
You are too berserk!
You closely miss Pikel.
Pikel is moderately wounded.
Pikel hits you with a +1 whip of freezing.
* * * LOW HITPOINT WARNING * * *
Pikel freezes you.
* * * LOW HITPOINT WARNING * * *
The lemure hits you.
* * * LOW HITPOINT WARNING * * *
The lemure hits you.
* * * LOW HITPOINT WARNING * * *
The lemure hits you but does no damage. The lemure barely misses you.
You closely miss Pikel.
Pikel is moderately wounded.
Pikel misses you. The lemure hits you.
* * * LOW HITPOINT WARNING * * *
The lemure hits you.
You die...

......#............# #...# #..#
......#............# #...# #..#
#.#######.####.....# #...# #'##
#.## ##.# #.....####...####...
#..#####..## #.....#.............
##...#...#####.....#..†..........
####.#.####........#.............
.###...###..##...5.#.............
.#########.###..@5.#.............
...#####...# #.5K5.#.............
##.#####.### #...................
...#####...# #..#.#.#........#...
.#########.###.............#####.
.###...###..##..#)#.#........#...
####.#.####................#.#.#.
##...#...#####..#.#.#......#.#.#.
#..#####..## #.............#...##


You could see Pikel (weak-willed) and 4 lemures.

Vanquished Creatures
  Sigmund (D:2)
  A centaur (D:4)
  A howler monkey (D:4)
  A hound (D:4)
  Robin (D:4)
  5 adders
  2 worms
  4 dart slugs
  6 orcs
  6 ball pythons
  7 endoplasms
  3 giant cockroaches
  16 goblins
  6 hobgoblins
  3 jackals (D:3)
  5 quokkas
  2 bats (D:1)
  4 frilled lizards
  8 kobolds
  7 rats
89 creatures vanquished.

Vanquished Creatures (others)
  569 foxfires
  2 plants (D:3)
571 creatures vanquished.

Grand Total: 660 creatures vanquished

Notes
Turn   | Place    | Note
-------+----------+-------------------------------------------
     0 | D:1      | cforsyth the Ogre Fire Elementalist began the quest for the
                  | Orb.
     0 | D:1      | Reached XP level 1. HP: 16/16 MP: 3/3
   123 | D:1      | Reached skill level 1 in Conjurations
   263 | D:1      | Reached XP level 2. HP: 24/24 MP: 1/5
   482 | D:1      | Found Cuideick's Assorted Antiques.
   668 | D:1      | Bought a scroll labelled BEPTE OCYSCHIKH for 25 gold pieces
   906 | D:1      | Reached XP level 3. HP: 31/31 MP: 0/7
  1586 | D:2      | Learned a level 2 spell: Scorch
  2092 | D:2      | Noticed Sigmund
  2097 | D:2      | Killed Sigmund
  2098 | D:2      | Reached skill level 3 in Spellcasting
  2098 | D:2      | Reached XP level 4. HP: 39/39 MP: 2/9
  2098 | D:2      | Reached XP level 5. HP: 45/45 MP: 2/10
  3030 | D:3      | Found a runed translucent door.
  3031 | D:3      | Noticed Crazy Yiuf
  3160 | D:3      | Reached XP level 6. HP: 53/53 MP: 6/11
  3217 | D:3      | Found a faded altar of an unknown god.
  3281 | D:3      | Got Plato's Elucidation of Moulding
  3535 | D:4      | Noticed Robin
  3709 | D:4      | Killed Robin
  3905 | D:4      | Identified the +1 leather armour of Yxir {Str+3 Int-5
                  | Dex+4}
  4570 | D:4      | Reached skill level 4 in Spellcasting
  4673 | D:4      | Found a broken altar of Ashenzari.
  4697 | D:4      | Noticed Pikel
  4909 | D:4      | Reached XP level 7. HP: 50/59 MP: 2/13
  5435 | D:4      | HP: 3/88 [lemure[Pikel] (3)]
  5435 | D:4      | Slain by a lemure

Illustrated notes

Levels and vault maps discovered:
D:1:      kilobyte_arrival_exit_the_forest, layout_basic, serial_shops, shop
D:2:      layout_rooms, nicolae_kite_square_tiling_tiny,
          minmay_misc_feat_four_crosses, uniq_sigmund
D:3:      layout_rooms, shapermc_ecumenical_altar_rom_forum,
          uniq_crazy_yiuf_cottage
D:4:      layout_gridville, nicolae_overflow_crystal_walls,
          serial_co_window_serial, co_window_corner_a, co_window_corner_a,
          co_window_of_opportunity_a, co_window_cross_1, co_window_paths_b,
          co_window_broadway_a, co_window_broadway_b,
          co_window_of_opportunity_b, co_window_unsneaky_path_b, co_window_sun,
          co_window_4corner_b, glass_columns_b, glass_columns_b,
          glass_columns_a, glass_columns_b, glass_columns_a, minivault_26,
          uniq_pikel, uniq_robin

Skill      XL: |  1  2  3  4  5  6  7 |
---------------+----------------------+-----
Conjurations   | 1 2 |  2.8
Dodging        | 2 3 |  3.2
Fire Magic     | 3 |  3.9
Stealth        | 2 3 |  3.0
Spellcasting   | 3 4 |  4.2

Action                     |  1- 3 |  4- 6 |  7- 9 || total
---------------------------+-------+-------+-------++-------
  Melee: Unarmed           |     9 |       |       ||     9
         Halberd           |       |     2 |     2 ||     4
   Cast: Foxfire           |    96 |   193 |    34 ||   323
         Scorch            |       |     5 |       ||     5
    Use: Scroll            |       |       |     2 ||     2
         Potion            |       |       |     2 ||     2
 Armour: Robe              |     1 |    11 |     5 ||    17
  Dodge: Dodged            |     7 |    11 |    15 ||    33

Table legend: (Time is in decaauts)
 A = Elapsed time spent in this place.
 B = Non-inter-level travel time spent in this place.
 C = Inter-level travel time spent in this place.
 D = Time resting spent in this place.
 E = Time spent auto-exploring this place.
 F = Levels seen in this place.
 G = Mean time per level.
                   A        B        C        D        E       F      G
               +--------+--------+--------+--------+--------+-----+--------+
         Total |   5435 |   5364 |     71 |    447 |   4264 |   4 | 1358.8 |
       Dungeon |   5435 |   5364 |     71 |    447 |   4264 |   4 | 1358.8 |
               +--------+--------+--------+--------+--------+-----+--------+

Top non-repeatable levels by time:
     D:4: 1745 daAuts
     D:1: 1431 daAuts
     D:3: 1245 daAuts
     D:2: 1012 daAuts
